 Dungeon Crawl Stone Soup version 0.24-a0-423-g6870c0f642 (webtiles) character file.

Game seed: 7673597812188195948

71446 JellyEater the Geomancer (level 15, -8/94 HPs)
             Began as a Gargoyle Earth Elementalist on June 13, 2019.
             Was a High Priest of Vehumet.
             Hit by a large rock thrown by a stone giant (46 damage)
             ... on level 1 of the Orcish Mines.
             The game lasted 01:36:06 (26281 turns).

JellyEater the Geomancer (GrEE)                    Turns: 26281, Time: 01:36:06

Health: -8/94      AC: 23    Str: 17    XL:     15   Next: 36%
Magic:  24/29      EV: 15    Int: 26    God:    Vehumet [*****.]
Gold:   1786       SH:  5    Dex: 10    Spells: 2/34 levels left

rFire    . . .     SeeInvis .   D - +7 mace of Fimbulwinter {drain, *Contam rC+ Int+4}
rCold    + + .     Gourm    .   (no shield)
rNeg     + . .     Faith    .   K - +2 robe {rC+}
rPois    ∞         Spirit   .   (no helmet)
rElec    +         Reflect  +   z - +2 cloak {rPois}
rCorr    .         Harm     .   u - +0 pair of gloves
MR       +....                  E - +1 pair of boots {Stlth+}
Stlth    ++........             C - +5 amulet of reflection
HPRegen  0.00/turn              X - +5 ring of strength
MPRegen  0.21/turn              w - ring of wizardry

@: flying
A: big wings, rugged brown scales 1, negative energy resistance 1, electricity
resistance, inhibited regeneration, unbreathing, petrification resistance, rot
immunity, MP-powered wands, AC +11
a: Stop Flying, Renounce Religion


You were on level 1 of the Orcish Mines.
You worshipped Vehumet.
Vehumet was extremely pleased with you.
You were not hungry.

You visited 4 branches of the dungeon, and saw 22 of its levels.
You also visited: Ice Cave and Volcano.

You collected 2434 gold pieces.
You spent 648 gold pieces at shops.

Inventory:

Hand Weapons
 c - a +4 scimitar of flaming
 x - a +0 morningstar
 D - the +7 mace of Fimbulwinter (weapon) {drain, *Contam rC+ Int+4}
   (You bought it in a shop on level 6 of the Dungeon)

   A truly terrible weapon, it drains the life of those it strikes.
   It affects your intelligence (+4).
   It protects you from cold.
   It causes magical contamination when unequipped.
 O - a +1 morningstar of protection
Missiles
 b - 196 stones (quivered)
 m - 54 poisoned darts
 B - 5 throwing nets
Armour
 a - the -1 hat of the Untouchables {rElec rF+ Int-2 Dex+5}
   (You found it in an ice cave)

   It affects your intelligence (-2).
   It affects your dexterity (+5).
   It protects you from fire.
   It insulates you from electricity.
 u - a +0 pair of gloves (worn)
 z - a +2 cloak of poison resistance (worn)
 E - a +1 pair of boots of stealth (worn)
 K - a +2 robe of cold resistance (worn)
 M - the +2 robe of the Gate {-Tele rElec Int+4}
   (You bought it in a shop on level 12 of the Dungeon)

   It affects your intelligence (+4).
   It insulates you from electricity.
   It prevents most forms of teleportation.
Jewellery
 g - an uncursed ring of protection from cold
 o - an uncursed amulet of regeneration
 w - a ring of wizardry (right hand)
 C - a +5 amulet of reflection (around neck)
 N - an uncursed ring of protection from magic
 X - a +5 ring of strength (left hand)
Wands
 f - a wand of flame (24)
 A - a wand of random effects (34)
 F - a wand of enslavement (12)
 I - a wand of paralysis (17)
 P - a wand of disintegration (10)
 U - a wand of polymorph (5)
 V - a wand of acid (7)
Scrolls
 n - 8 scrolls of teleportation
 r - 5 scrolls of amnesia
 y - 4 scrolls of remove curse
 H - 2 scrolls of fog
 J - 3 scrolls of immolation
 L - 6 scrolls of blinking
 R - a scroll of enchant weapon
 S - a scroll of identify
Potions
 e - 2 potions of might
 h - a potion of heal wounds
 i - 3 potions of cancellation
 j - 8 potions of curing
 k - 5 potions of agility
 l - 2 potions of berserk rage
 p - 3 potions of ambrosia
 q - 2 potions of resistance
 t - 4 potions of flight
 v - 4 potions of brilliance
 G - 5 potions of lignification
 Q - a potion of haste
Miscellaneous
 s - a fan of gales (inert)
Comestibles
 d - 31 rations
 T - 2 chunks of flesh


   Skills:
 + Level 9.9 Fighting
 + Level 9.0 Maces & Flails
 - Level 6.0 Armour
 + Level 7.8 Dodging
 - Level 2.1 Stealth
 + Level 10.0 Spellcasting
 + Level 11.4 Conjurations
   Level 0.7 Transmutations
 * Level 9.3 Fire Magic
 + Level 12.9 Earth Magic
 - Level 6.0 Evocations


You had 2 spell levels left.
You knew the following spells:

 Your Spells              Type           Power        Failure   Level  Hunger
a - Sandblast             Erth           ######       0%          1    None
b - Stone Arrow           Conj/Erth      ######       1%          3    None
c - Lee's Rapid Deconstr  Erth           ######....   1%          5    ####...
d - Fireball              Conj/Fire      ######....   1%          5    ####...
e - Bolt of Draining      Conj/Necr      #####.....   1%          5    ####...
f - Orb of Destruction    Conj           ######....   4%          7    #######
g - Iron Shot             Conj/Erth      ######....   1%          6    #####..

Your spell library contained the following spells:

 Spells                   Type           Power        Failure   Level  Hunger
 Beastly Appendage        Tmut           ###...       1%          1    None
 Confusing Touch          Hex            ##....       1%          1    None
 Corona                   Hex            ##.....      1%          1    None
 Passwall                 Tmut/Erth      #####...     1%          2    None
 Blink                    Tloc           N/A          2%          2    None
 Shroud of Golubria       Chrm/Tloc      ##....       2%          2    None
 Slow                     Hex            ##......     2%          2    None
 Sticks to Snakes         Tmut           ###.....     2%          2    None
 Inner Flame              Hex/Fire       #####...     1%          3    None
 Leda's Liquefaction      Hex/Erth       #####.....   1%          4    None
 Petrify                  Tmut/Erth      #####...     1%          4    None
 Spider Form              Tmut/Pois      ##........   4%          3    None
 Confuse                  Hex            ##......     6%          3    None
 Gell's Gravitas          Tloc           ##........   6%          3    None
 Lesser Beckoning         Tloc           ##........   6%          3    None
 Portal Projectile        Hex/Tloc       ##....       6%          3    None
 Teleport Other           Tloc           ##......     6%          3    None
 Yara's Violent Unravell  Hex/Tmut       ##........   12%         5    ####...
 Ice Form                 Ice/Tmut       ##......     16%         4    None
 Cause Fear               Hex            ##........   17%         4    None
 Passage of Golubria      Tloc           N/A          17%         4    None
 Blade Hands              Tmut           ###.......   34%         5    ####...
 Metabolic Englaciation   Hex/Ice        ##........   43%         5    ####...


Dungeon Overview and Level Annotations

Branches:
Dungeon (14/15)            Temple (1/1) D:5            Lair (6/6) D:9
 Shoals (0/4) Lair:3       Spider (0/4) Lair:4        Slime (0/5) Lair:5
    Orc (1/2) D:9          Vaults (0/5) D:13

Altars:
Ashenzari
Dithmenos
Elyvilon
Gozag
Kikubaaqudgha
Okawaru
Qazlal
Vehumet
Wu Jian
Yredelemnul
Beogh

Shops:
D:5 [   D:6 (   D:11 [   D:12 *


Innate Abilities, Weirdness & Mutations

You are resistant to torment.
Your stone body is resilient. (AC +11)
You are immune to poison.
Your large and strong wings let you fly indefinitely.
You resist negative energy. (rN+)
You are resistant to electric shocks. (rElec)
You can survive without breathing.
You are immune to petrification.
You are immune to rotting.
You are partially covered in rugged brown scales. (AC +1, +3% HP)
You do not regenerate when monsters are visible.
You expend magic power (3 MP) to strengthen your wands.


Message History

a +3 broad axe; a +0 chain mail A stone giant comes into view.
The stone giant shouts!
The stone giant throws a large rock.
The large rock barely misses you.
You see here a large rock.
Casting: Sandblast (safe; 0% risk of failure)
Confirm with . or Enter, or press ? or * to list all spells.
Aiming: Lee's Rapid Deconstruction (safe; 1% risk of failure)
Press: ? - help, Dir - move target cursor A rock wall.
The wall shatters!
The blast of rock fragments hits the stone giant!
The stone giant is lightly wounded.
The stone giant throws a large rock.
The large rock hits you!!
Unknown command.
Unknown command.
The stone giant throws a large rock.
The large rock hits you!!
You see here a large rock.
The stone giant throws a large rock.
The large rock hits you!!!
You die...

...#.....#.##
##..........##
#C..........###
#............##
....#........#
..#........##
#........##
###........#
#..@(#....##
#....#(...##
##.####.### ##
###


You could see a stone giant.

Vanquished Creatures
  An orc warlord (Orc:1)
  An ironheart preserver (D:13)
  A fire dragon (Lair:6)
  Harold (D:8)
  3 hydras
  Erolcha (D:11)
  Erica (D:7)
  2 centaur warriors (D:14)
  6 two-headed ogres
  A death knight (D:13)
  A hell hog (Volcano)
  A tengu warrior (D:14)
  3 death yaks (D:9)
  Sonja (Lair:3)
  A fire crab (Lair:6)
  An unseen horror (D:14)
  2 orc knights (Orc:1)
  A deep elf mage (D:14)
  An orc sorcerer (Orc:1)
  2 ugly things
  3 oklob plants
  A cyclops (D:11)
  2 manticores (D:12)
  2 centaur zombies (D:11)
  8 elephants
  2 molten gargoyles (Lair:6)
  12 spiny frogs
  10 black mambas
  2 ice statues (IceCv)
  A torpor snail (Lair:3)
  3 gargoyles
  2 rime drakes (Lair:3)
  10 komodo dragons
  10 ice devils (IceCv)
  8 trolls
  3 meliai (D:14)
  A polar bear (Lair:3)
  Prince Ribbit (D:5)
  10 hippogriffs
  A meliai zombie (D:12)
  A redback (Lair:4)
  Sigmund (D:2)
  A spriggan (D:7)
  A shadow (D:14)
  2 wraiths
  6 wyverns
  13 fire bats
  35 yaks
  4 steam dragons
  2 fire elementals (Lair:3)
  4 vampire mosquitoes (D:13)
  4 basilisks
  4 hungry ghosts
  Menkaure (D:7)
  A warg (Orc:1)
  A soldier ant (D:13)
  An acid dragon (D:14)
  17 water moccasins
  9 hell hounds
  12 orc warriors
  5 ice beasts
  7 porcupines
  An eye of draining (shapeshifter) (D:14)
  2 black bears
  2 hornet zombies
  A necrophage (D:7)
  4 sky beasts
  An eye of draining (D:14)
  3 phantoms
  9 ogres
  18 wolves
  12 centaurs
  13 crocodiles
  2 big kobolds
  12 bullfrogs
  A wyvern zombie (D:13)
  2 wyvern skeletons
  3 scorpions
  A killer bee (D:13)
  4 wights (D:7)
  2 vampire bats (D:8)
  4 howler monkeys
  6 lava snakes
  An electric eel (Lair:5)
  2 bullfrog zombies
  4 crimson imps
  A quasit (D:8)
  10 orc priests
  Crazy Yiuf (D:5)
  8 jellies
  7 centaur skeletons
  4 hounds
  15 orc wizards
  A bullfrog skeleton (D:6)
  Jessica (D:3)
  5 iguanas
  7 hell rats (Lair:4)
  14 worker ants
  A hound zombie (D:9)
  A howler monkey zombie (D:7)
  15 gnolls
  A howler monkey skeleton (D:4)
  A worker ant zombie (D:6)
  10 adders
  4 shadow imps
  2 white imps (IceCv)
  9 ufetubi (IceCv)
  2 oozes
  4 worms
  3 dart slugs
  7 leopard geckos
  62 orcs
  3 ball pythons
  6 bats
  4 bat skeletons (D:8)
  A bat zombie (D:8)
  3 giant cockroaches
  19 goblins
  12 hobgoblins
  12 jackals
  4 quokkas
  2 frilled lizards
  20 kobolds
  A leopard gecko skeleton (D:5)
  A leopard gecko zombie (D:6)
  A quokka skeleton (D:4)
  11 rats
  8 bushes (Lair:3)
670 creatures vanquished.

Vanquished Creatures (others)
  A reaper (IceCv)
  3 white imps (IceCv)
  5 ufetubi (IceCv)
  A kobold (D:11)
  14 fungi
  6 plants (Lair:6)
30 creatures vanquished.

Grand Total: 700 creatures vanquished

Notes
Turn   | Place    | Note
-------+----------+-------------------------------------------
     0 | D:1      | JellyEater the Gargoyle Earth Elementalist began the quest
                  | for the Orb.
     0 | D:1      | Reached XP level 1. HP: 10/10 MP: 3/3
    66 | D:1      | Reached skill level 4 in Earth Magic
    66 | D:1      | Reached XP level 2. HP: 11/15 MP: 3/5
   337 | D:1      | Reached XP level 3. HP: 10/19 MP: 6/6
   342 | D:1      | Learned a level 3 spell: Stone Arrow
  1125 | D:2      | Reached skill level 1 in Conjurations
  1203 | D:2      | Found a basalt altar of Yredelemnul.
  1368 | D:2      | Reached XP level 4. HP: 23/24 MP: 8/8
  1924 | D:2      | Noticed Sigmund
  1928 | D:2      | Killed Sigmund
  1928 | D:2      | Reached skill level 5 in Earth Magic
  1928 | D:2      | Reached XP level 5. HP: 28/28 MP: 4/10
  1928 | D:2      | Reached XP level 6. HP: 32/32 MP: 4/11
  2097 | D:2      | Learned a level 5 spell: Lee's Rapid Deconstruction
  2694 | D:3      | Found a white marble altar of Elyvilon.
  3147 | D:3      | Noticed Jessica
  3148 | D:3      | Killed Jessica
  3585 | D:4      | Reached skill level 6 in Earth Magic
  4037 | D:4      | Reached XP level 7. HP: 22/36 MP: 7/13
  4461 | D:5      | Entered Level 5 of the Dungeon
  4470 | D:5      | Found a staircase to the Ecumenical Temple.
  4517 | Temple   | Entered the Ecumenical Temple
  4526 | Temple   | Became a worshipper of Vehumet
  4589 | D:5      | Found an ornate altar of the Wu Jian Council.
  4833 | D:5      | Noticed Prince Ribbit
  4839 | D:5      | Killed Prince Ribbit
  4839 | D:5      | Reached skill level 5 in Spellcasting
  4839 | D:5      | Reached skill level 5 in Conjurations
  4839 | D:5      | Reached skill level 7 in Earth Magic
  4839 | D:5      | Reached XP level 8. HP: 30/41 MP: 8/15
  4995 | D:5      | Found a runed translucent door.
  4996 | D:5      | Noticed Crazy Yiuf
  5002 | D:5      | Killed Crazy Yiuf
  5482 | D:5      | Found Enwuliell's Armour Shoppe.
  5625 | D:5      | Reached skill level 8 in Earth Magic
  5863 | D:6      | Found a transporter.
  5868 | D:6      | Identified a scroll of acquirement
  5966 | D:6      | Reached skill level 1 in Fighting
  5966 | D:6      | Reached skill level 1 in Armour
  5994 | D:6      | Reached skill level 1 in Maces & Flails
  5994 | D:6      | Reached skill level 1 in Evocations
  6077 | D:6      | Found a shattered altar of Ashenzari.
  6112 | D:6      | Reached * piety under Vehumet
  6112 | D:6      | Offered knowledge of Sting by Vehumet.
  6147 | D:6      | Found Acith's Antique Weapon Shop.
  6156 | D:6      | Bought a scorched mace for 208 gold pieces
  6156 | D:6      | Identified the +7 mace of Fimbulwinter {drain, *Contam rC+
                  | Int+4} (You bought it in a shop on level 6 of the Dungeon)
  6168 | D:6      | Reached XP level 9. HP: 47/47 MP: 15/17
  6328 | D:6      | Found a transporter.
  6741 | D:7      | Noticed Menkaure
  6745 | D:7      | Killed Menkaure
  7275 | D:7      | Offered knowledge of Searing Ray by Vehumet.
  7283 | D:7      | Reached ** piety under Vehumet
  7285 | D:7      | Reached skill level 9 in Earth Magic
  7285 | D:7      | Reached XP level 10. HP: 55/56 MP: 6/19
  7389 | D:7      | Got a slimy shortbow
  7586 | D:7      | Found an opulent altar of Gozag.
  7890 | D:7      | Found a roughly hewn altar of Beogh.
  7962 | D:8      | Noticed Erica
  8045 | D:8      | Noticed a two-headed ogre
  8052 | D:7      | Killed Erica
  8290 | D:8      | Killed a two-headed ogre
  8427 | D:8      | You fall into a shaft and drop 3 floors!
  8436 | D:11     | Noticed Erolcha
  8452 | D:11     | Noticed a two-headed ogre
  8469 | D:11     | Killed Erolcha
  8471 | D:11     | Noticed a gargoyle
  8487 | D:11     | Killed a gargoyle
  8495 | D:11     | Reached XP level 11. HP: 53/62 MP: 12/21
  8535 | D:11     | Noticed a cyclops
  8553 | D:10     | Entered Level 10 of the Dungeon
  8619 | D:9      | Found a staircase to the Orcish Mines.
  8636 | D:9      | Offered knowledge of Throw Flame by Vehumet.
  8636 | D:9      | Reached skill level 5 in Armour
  8684 | D:9      | Reached *** piety under Vehumet
  8984 | D:8      | Noticed Harold
  8992 | D:8      | Killed Harold
  8992 | D:8      | Reached skill level 5 in Fighting
  9035 | D:8      | Found an ancient bone altar of Kikubaaqudgha.
  9172 | D:9      | Offered knowledge of Sticky Flame by Vehumet.
  9190 | D:9      | Noticed a death yak
  9191 | D:9      | Found a staircase to the Lair.
  9191 | D:9      | Noticed a death yak
  9193 | D:9      | Noticed a purple ugly thing
  9206 | D:9      | Noticed a death yak
  9207 | D:9      | Killed a purple ugly thing
  9218 | D:9      | Killed a death yak
  9218 | D:9      | Reached skill level 10 in Earth Magic
  9221 | D:9      | Killed a death yak
  9221 | D:9      | Reached skill level 5 in Maces & Flails
  9224 | D:9      | Killed a death yak
  9262 | D:9      | Noticed a two-headed ogre
  9273 | D:9      | Killed a two-headed ogre
  9457 | D:9      | Found a stormy altar of Qazlal.
  9672 | D:9      | Reached **** piety under Vehumet
  9866 | D:10     | Found a shattered altar of Ashenzari.
  9914 | D:10     | Reached skill level 5 in Dodging
  9946 | D:10     | Reached skill level 5 in Evocations
 10025 | D:10     | Offered knowledge of Fireball by Vehumet.
 10031 | D:10     | Reached XP level 12. HP: 70/70 MP: 18/23
 10524 | D:11     | Found Ruopoah's Antique Armour Shop.
 10596 | D:11     | Killed a two-headed ogre
 10602 | D:11     | Noticed a two-headed ogre
 10612 | D:11     | Killed a two-headed ogre
 10656 | D:11     | You fall into a shaft and drop 1 floor!
 10756 | D:12     | Learned a level 5 spell: Fireball
 11485 | D:12     | Found Qerec's Assorted Antiques.
 11499 | D:12     | Bought a scroll of blinking for 217 gold pieces
 11499 | D:12     | Bought a sheer robe for 165 gold pieces
 11499 | D:12     | Bought a scroll of identify for 58 gold pieces
 11512 | D:12     | Identified the +2 robe of the Gate {-Tele rElec Int+4} (You
                  | bought it in a shop on level 12 of the Dungeon)
 11609 | D:12     | Reached skill level 1 in Fire Magic
 11714 | D:12     | Reached ***** piety under Vehumet
 11723 | D:12     | Noticed a two-headed ogre
 11727 | D:12     | Killed a two-headed ogre
 11727 | D:12     | Offered knowledge of Bolt of Draining by Vehumet.
 11741 | D:12     | Learned a level 5 spell: Bolt of Draining
 12559 | D:13     | Noticed a death knight
 12886 | D:13     | Reached skill level 11 in Earth Magic
 13091 | D:13     | Noticed a five-headed hydra
 13096 | D:13     | Killed a five-headed hydra
 13179 | D:13     | Reached XP level 13. HP: 76/76 MP: 22/25
 13373 | D:13     | Noticed an ironheart preserver
 13385 | D:13     | Killed an ironheart preserver
 13861 | D:13     | Offered knowledge of Orb of Destruction by Vehumet.
 13865 | D:13     | Found a gate to the Vaults.
 14097 | D:14     | Reached skill level 10 in Conjurations
 14097 | D:14     | Reached skill level 5 in Fire Magic
 15090 | Lair:1   | Entered Level 1 of the Lair of Beasts
 15224 | Lair:1   | Learned a level 7 spell: Orb of Destruction
 16983 | Lair:3   | Noticed Sonja
 16989 | Lair:3   | Killed Sonja
 16996 | Lair:3   | Found a staircase to the Shoals.
 17291 | Lair:3   | Gained mutation: Your large and strong wings let you fly
                  | indefinitely. [Gargoyle growth]
 17291 | Lair:3   | Reached XP level 14. HP: 37/84 MP: 25/27
 17448 | Lair:3   | Found a frozen archway.
 17456 | IceCv    | Entered an ice cave
 17767 | IceCv    | Killed a reaper
 17968 | IceCv    | Reached skill level 12 in Earth Magic
 18221 | IceCv    | Got a translucent hat
 18227 | IceCv    | Identified the cursed -1 hat of the Untouchables {rElec rF+
                  | Int-2 Dex+5} (You found it in an ice cave)
 19379 | Lair:4   | Gained mutation: You are partially covered in rugged brown
                  | scales. (AC +1, +3% HP) [potion of mutation]
 19379 | Lair:4   | Gained mutation: You do not regenerate when monsters are
                  | visible. [potion of mutation]
 19379 | Lair:4   | Gained mutation: You expend magic power (3 MP) to
                  | strengthen your wands. [potion of mutation]
 19609 | Lair:4   | Found a shadowy altar of Dithmenos.
 20039 | Lair:4   | Found the +7 mace of Variability {chain chaos}
 20241 | Lair:4   | Found a hole to the Spider Nest.
 20666 | Lair:5   | Found a dark tunnel.
 20673 | Volcano  | Entered a volcano
 20912 | Volcano  | Learned a level 2 spell: Passwall
 22876 | Lair:5   | Found a staircase to the Slime Pits.
 23041 | Lair:6   | Entered Level 6 of the Lair of Beasts
 23954 | Lair:6   | Reached XP level 15. HP: 93/93 MP: 0/28
 24306 | Lair:6   | Found a large runed translucent door.
 24307 | Lair:6   | Found a large runed translucent door.
 24800 | Lair:6   | Offered knowledge of Iron Shot by Vehumet.
 24809 | Lair:6   | Learned a level 6 spell: Iron Shot
 25071 | Lair:6   | Reached skill level 10 in Spellcasting
 25272 | Orc:1    | Entered Level 1 of the Orcish Mines
 25277 | Orc:1    | Noticed an orc warlord
 25414 | Orc:1    | Killed an orc warlord
 26281 | Orc:1    | Hit by a large rock thrown by a stone giant

Levels and vault maps discovered:
D:1:      evilmike_arrival_crescent, layout_loops_cross, serial_park_tiny_pond
D:2:      kennysheep_the_goblin_king, layout_loops_corners, lemuel_doored_altar,
          uniq_sigmund
D:3:      layout_loops_corners, corexii_item_surrounded_by_moat,
          kennysheep_path_1, moated_statue, elyvilon_altar_4, uniq_jessica
D:4:      layout_basic, minmay_misc_feat_iff
D:5:      layout_basic, lemuel_crystal_altar, minmay_temple_entry_mini_moons,
          serial_shops, shop, first_ration, minmay_bent,
          uniq_crazy_yiuf_cottage, uniq_prince_ribbit1
D:6:      gammafunk_cloud_chamber, layout_loops_ring,
          lemuel_coloured_pillars_altar, serial_shops, shop
D:7:      layout_layer_cave, basic_altar, the_bakery, amethyst_killhole,
          david_defended_altar_orc, uniq_menkaure
D:8:      layout_basic, kennysheep_vampire_church, uniq_erica, uniq_harold
D:9:      layout_loops_ring, dpeg_lair_monsters, david_orc_2, basic_altar,
          columned_hall_lemuel
D:10:     layout_irregular_city, evilmike_ruin_ashenzari
D:11:     layout_irregular_city, serial_shops, kennysheep_mini_moat,
          uniq_erolcha
D:12:     layout_grid_maze, serial_shops, shop
D:13:     layout_long_grid, skrybe_vaults_entry_preservation
D:14:     layout_loops_ring, minmay_splitting_lines
Temple:   regret_index_temple_mists
Lair:1:   layout_layer_cave, lemuel_fruit_tree, grunt_megastairs_2
Lair:2:   layout_regular_city
Lair:3:   layout_gridlike, shoals_dummy_entry, portal_ice_cave_rime,
          minmay_lair_oklob_bushes, uniq_sonja
Lair:4:   layout_gridlike, spider_nest_entry_webs, basic_altar
Lair:5:   layout_small_grid, minmay_slime_entry_oklob_enclosed,
          nicolae_volcano_entry_s_turn, serial_bayou_lake_a
Lair:6:   cheibrodos_lair_end_hotspot, layout_loops_ring
Orc:1:    gammafunk_beogh_shrine, layout_caves

Skill      XL: |  1  2  3  4  5  6  7  8  9 10 11 12 13 14 15 |
---------------+----------------------------------------------+-----
Earth Magic    | 4 5 6 7 8 9 10 11 12 | 12.9
Conjurations   | 1 2 3 5 6 7 8 9 10 11 | 11.4
Spellcasting   | 3 4 5 6 7 8 9 10 | 10.0
Fighting       | 1 3 4 6 7 8 9 |  9.9
Armour         | 1 3 4 6 |  6.0
Maces & Flails | 1 3 4 5 6 7 8 9 |  9.0
Evocations     | 1 2 3 5 6 |  6.0
Dodging        | 2 3 4 5 6 7 |  7.8
Fire Magic     | 3 6 8 9 |  9.3
Stealth        | |  2.1
Transmutations | |  0.7

Action                   |  1- 3 |  4- 6 |  7- 9 | 10-12 | 13-15 || total
-------------------------+-------+-------+-------+-------+-------++-------
Melee: Dagger            |   124 |   227 |   122 |       |       ||   473
       Mace              |       |       |    79 |   385 |   489 ||   953
 Cast: Sandblast         |     5 |    10 |    57 |   140 |   269 ||   481
       Stone Arrow       |       |     1 |     6 |     7 |    10 ||    24
       Lee's Rapid Decon |       |       |     7 |    54 |    57 ||   118
       Bolt of Draining  |       |       |       |     8 |    59 ||    67
       Fireball          |       |       |       |       |    51 ||    51
       Orb of Destructio |       |       |       |       |    14 ||    14
 Abil: Fly               |       |       |       |       |     1 ||     1
Evoke: Wand              |       |       |     2 |     8 |     4 ||    14
       Fan of gales      |       |       |       |       |     1 ||     1
  Use: Scroll            |     6 |     7 |    10 |     8 |    11 ||    42
       Potion            |       |       |     1 |     2 |     6 ||     9
 Stab: Sleeping          |     2 |     2 |     4 |     2 |     6 ||    16
       Distracted        |       |       |     1 |     1 |       ||     2
       Invisible         |       |       |       |       |     2 ||     2
  Eat: Chunk             |     2 |     8 |    12 |    36 |    54 ||   112
       Ration            |       |       |       |       |     6 ||     6
Armor: Robe              |    30 |    91 |   103 |   282 |   366 ||   872
Dodge: Dodged            |    69 |   184 |   144 |   451 |   572 ||  1420
Block: Other             |       |       |       |    41 |   189 ||   230
       Reflection        |       |       |       |       |     3 ||     3

Table legend:
 A = Non-vault XP
 B = Vault XP
 C = Vault XP percentage of total XP
 D = Non-vault monster count
 E = Vault monster count
 F = Vault count percentage of total count
                 A         B        C        D         E       F
            +---------+---------+-------+---------+---------+-------
      Total |   70976 |   31090 |  30.5 |     531 |     131 |  19.8
            +---------+---------+-------+---------+---------+-------
        D:1 |      51 |       0 |   0.0 |      28 |       0 |   0.0
        D:2 |      57 |     236 |  80.5 |      23 |       8 |  25.8
        D:3 |      79 |      37 |  31.9 |      17 |       1 |   5.6
        D:4 |     253 |       0 |   0.0 |      20 |       0 |   0.0
        D:5 |     740 |     348 |  32.0 |      18 |       7 |  28.0
        D:6 |     838 |     567 |  40.4 |      22 |       3 |  12.0
        D:7 |    1196 |    1450 |  54.8 |      22 |       6 |  21.4
        D:8 |    1944 |    1133 |  36.8 |      25 |       8 |  24.2
        D:9 |    2764 |    2886 |  51.1 |      34 |      13 |  27.7
       D:10 |    2446 |       0 |   0.0 |      16 |       0 |   0.0
       D:11 |    5209 |     995 |  16.0 |      41 |       1 |   2.4
       D:12 |    4142 |       0 |   0.0 |      31 |       0 |   0.0
       D:13 |    8158 |    2952 |  26.6 |      39 |       9 |  18.8
       D:14 |    6650 |       0 |   0.0 |      19 |       0 |   0.0
     Lair:1 |    2630 |     786 |  23.0 |      12 |       2 |  14.3
     Lair:2 |    3181 |       0 |   0.0 |      17 |       0 |   0.0
     Lair:3 |    5306 |    2106 |  28.4 |      23 |       4 |  14.8
     Lair:4 |    6781 |     225 |   3.2 |      39 |       1 |   2.5
     Lair:5 |    3848 |    1145 |  22.9 |      20 |       2 |   9.1
     Lair:6 |    8524 |    8827 |  50.9 |      30 |      30 |  50.0
      Orc:1 |    6179 |       0 |   0.0 |      35 |       0 |   0.0
      IceCv |       0 |    4372 | 100.0 |       0 |      23 | 100.0
    Volcano |       0 |    3025 | 100.0 |       0 |      13 | 100.0
            +---------+---------+-------+---------+---------+-------
